 Dungeon Crawl Stone Soup version 0.25.1-2-g60ff931df9 (webtiles) character file.

Game seed: 3787490721939455813

513 hawla the Stinger (level 7, 0/50 HPs)
             Began as a Red Draconian Venom Mage on Nov 13, 2020.
             Killed from afar by an orc wizard (6 damage)
             ... with a puff of flame
             ... on level 4 of the Dungeon.
             The game lasted 00:13:11 (4818 turns).

hawla the Stinger (Red Draconian Venom Mage)        Turns: 4818, Time: 00:13:11

Health: 0/50       AC:  6    Str: 10    XL:     7   Next: 0%
Magic:  4/12       EV: 12    Int: 18    God:
Gold:   196        SH:  0    Dex: 11    Spells: 3/13 levels left

rFire    + . .     SeeInvis .   p - +0 dagger (protect)
rCold    . . .     Gourm    .   (no shield)
rNeg     . . .     Faith    .   (armour unavailable)
rPois    .         Spirit   .   (helmet restricted)
rElec    .         Reflect  .   f - scarf {repulsion}
rCorr    .         Harm     .   (no gloves)
MR       .....                  (no boots)
Stlth    ++........             (no amulet)
HPRegen  0.16/turn              (no ring)
MPRegen  0.13/turn              (no ring)

@: berserk cooldown, hasted and slowed, repel missiles
A: breathe fire, unfitting armour, fire resistance 1, cold-blooded, AC +6
a: Breathe Fire


You were on level 4 of the Dungeon.
You were very hungry.

You visited 1 branch of the dungeon, and saw 4 of its levels.

You collected 196 gold pieces.

Inventory:

Hand Weapons
 p - a +0 dagger of protection (weapon)
Armour
 c - a +0 cloak
 f - a scarf of repulsion (worn)
 l - a scarf of harm
Scrolls
 h - a scroll of remove curse
 i - a scroll of identify
 m - a scroll of amnesia
Potions
 e - a potion of stabbing
 o - a potion of flight {unknown}
Comestibles
 a - 4 chunks of flesh
 b - 17 rations


   Skills:
 - Level 1.7 Dodging
 - Level 1.7 Stealth
 - Level 3.6 Spellcasting
 + Level 3.3 Transmutations
 + Level 2.3 Fire Magic
 + Level 3.0 Air Magic
 * Level 4.7 Poison Magic


You had 3 spell levels left.
You knew the following spells:

 Your Spells              Type           Power        Failure   Level  Hunger
a - Sting                 Tmut/Pois      ###.         2%          1    None
b - Poisonous Vapours     Pois/Air       ###...       4%          2    ##.....
c - Olgreb's Toxic Radia  Pois           ###.....     22%         4    ####...
d - Ignite Poison         Fire/Tmut/Pois ###.....     11%         3    ###....

Your spell library contained the following spells:

 Spells                   Type           Power        Failure   Level  Hunger
 Mephitic Cloud           Conj/Pois/Air  ##......     16%         3    ###....


Dungeon Overview and Level Annotations

Branches:
Dungeon (4/15)
 Temple: D:4-7

Altars:
Fedhas
Nemelex Xobeh

Shops:
D:4 ?


Innate Abilities, Weirdness & Mutations

You can breathe blasts of fire.
Your fiery red scales are hard. (AC +6)
You cannot fit into any form of body armour.
Your flesh is heat resistant. (rF+)
You are cold-blooded and may be slowed by cold attacks.


Message History

You learn Ice Magic much slower.
You can breathe blasts of fire.
You feel resistant to heat.
Things that are here:
a +0 giant club; an ogre corpse You are feeling very hungry.
The orc wizard gestures at you while chanting.
The puff of frost hits you.
* * * LOW HITPOINT WARNING * * *
Found Cuastrem's Magic Scroll Boutique.
Found a stone staircase leading down.
You feel better.
The orc wizard hits you with a +0 dagger.
* * * LOW HITPOINT WARNING * * *
It was a potion of haste.
You feel yourself speed up.
The orc wizard hits you but does no damage. x2
The orc barely misses you.
The orc wizard mumbles some strange words.
The orc wizard seems to speed up.
The orc wizard gestures at you while chanting.
The puff of flame hits you. You resist.
You die...

####.. .. ..#.# ##.#
#.#.####..∩
##.#......#
#.........#
#.........#
#########....o....#.#
.....o§§§)....o.@..>#
......####.######.###
............. +#
......###.####
...?.$# #. ####### ##
##### .....


You could see an orc wizard (fast) and an orc.

Vanquished Creatures
  2 ogres (D:4)
  A centaur zombie (D:3)
  An orc priest (D:4)
  An orc wizard (D:4)
  2 iguanas (D:4)
  4 adders
  4 gnolls (D:3)
  3 oozes (D:3)
  A worm (D:3)
  A dart slug (D:1)
  3 leopard geckos
  8 orcs
  3 ball pythons
  14 bats
  3 giant cockroaches
  14 goblins
  12 hobgoblins
  2 jackals (D:4)
  7 kobolds
  3 quokkas
  2 frilled lizards
  6 rats
97 creatures vanquished.

Notes
Turn   | Place    | Note
-------+----------+-------------------------------------------
     0 | D:1      | hawla the Draconian Venom Mage began the quest for the Orb.
     0 | D:1      | Reached XP level 1. HP: 14/14 MP: 3/3
   320 | D:1      | Reached XP level 2. HP: 20/20 MP: 0/5
   390 | D:1      | Learned a level 2 spell: Poisonous Vapours
  1249 | D:1      | Reached XP level 3. HP: 26/26 MP: 2/7
  1970 | D:2      | Reached skill level 1 in Air Magic
  2451 | D:2      | Reached XP level 4. HP: 30/33 MP: 2/8
  2530 | D:2      | Learned a level 4 spell: Olgreb's Toxic Radiance
  3290 | D:3      | Found a blossoming altar of Fedhas.
  3579 | D:3      | Reached XP level 5. HP: 38/38 MP: 1/10
  4001 | D:3      | Learned a level 3 spell: Ignite Poison
  4407 | D:3      | Found a sparkling altar of Nemelex Xobeh.
  4490 | D:4      | Noticed an ogre
  4499 | D:4      | Killed an ogre
  4499 | D:4      | Reached skill level 1 in Fire Magic
  4499 | D:4      | Reached skill level 4 in Poison Magic
  4499 | D:4      | Reached XP level 6. HP: 45/45 MP: 1/11
  4808 | D:4      | Your scales start taking on a fiery red colour.
  4808 | D:4      | Reached XP level 7. HP: 7/50 MP: 2/12
  4808 | D:4      | Gained mutation: Your flesh is heat resistant. (rF+) [Red
                  | Draconian growth]
  4812 | D:4      | Found Cuastrem's Magic Scroll Boutique.
  4812 | D:4      | HP: 2/50 [orc wizard/puff of frost (6)]
  4818 | D:4      | Killed from afar by an orc wizard

Illustrated notes

Levels and vault maps discovered:
D:1:      lightli_arrival_statuegarden, layout_basic,
          chequers_serial_rivers_marsh, minmay_pentomino_p4
D:2:      layout_loops_cross
D:3:      layout_loops_ring, marbit_many_paths, nemelex_dance_club_becter
D:4:      layout_basic, elyvilon_altar_1, serial_shops, nicolae_shop_crystal,
          gammafunk_ghost_necromancy, first_ration, minmay_between

Skill      XL: |  1  2  3  4  5  6 |
---------------+-------------------+-----
Spellcasting   | 3 |  3.6
Air Magic      | 1 2 3 |  3.0
Transmutations | 2 3 |  3.3
Fire Magic     | 1 2 |  2.3
Poison Magic   | 4 |  4.7
Dodging        | |  1.7
Stealth        | |  1.7

Action                   |  1- 3 |  4- 6 |  7- 9 || total
-------------------------+-------+-------+-------++-------
Melee: Unarmed           |     7 |     2 |       ||     9
       Whip              |       |     9 |       ||     9
       Tailslap          |       |     3 |       ||     3
       Dagger            |       |    30 |       ||    30
 Cast: Sting             |    45 |    51 |     1 ||    97
       Poisonous Vapours |    30 |    22 |       ||    52
       Olgreb's Toxic Ra |       |     7 |       ||     7
       Ignite Poison     |       |     1 |       ||     1
  Use: Scroll            |     4 |     3 |       ||     7
       Potion            |       |     1 |     2 ||     3
  Eat: Chunk             |     6 |     9 |       ||    15
Armor: Skin              |    23 |    22 |     2 ||    47
Dodge: Dodged            |    35 |    62 |     1 ||    98
